AoeStats
← Jackou75

Black Forest

509486014Analyzed
4v4 RM · 6d ago on Sep 26, 2026· 47m 27s· 8 players
Game mode
Random Map
Map size
Large (8 player)
Population
200
Speed
Normal
Resources
Standard
Victory
Conquest
Starting age
Dark Age
Ending age
Imperial Age
RankedLock teamsTeams togetherTeam positionsShared explorationLock speedFull tech treeHidden civsTurbo modeCheats
Victory
Defeat
🇫🇷 Britons · France
1033
+14
🇨🇿 Khmer · Czechia
1007
+15
🇩🇰 Mongols · Denmark
944
+17
🇨🇳 Persians · China
931
+17
🇺🇸 Khmer · United States
1012
-17
🇺🇸 Romans · United States
981
-16
🇺🇸 Teutons · United States
975
-16
🇺🇸 Mongols · United States
934
-14
Namely
0:33 Loom
13:25 Feudal Age
14:33 Double-Bit Axe
18:12 Castle Age
21:57 Bow Saw
28:13 Wheelbarrow
31:14 Tusk Swords
30:36 Pikeman
32:41 Hand Cart
32:11 Town Watch
37:38 Imperial Age
39:52 Conscription
39:33 Double Crossbow
39:10 Halberdier
42:01 Forging
41:51 Scale Mail Armor
41:57 Scale Barding Armor
44:13 Chemistry
43:25 Fortified Wall
44:34 Heavy Scorpion
46:29 Husbandry
46:39 Bloodlines
45:50 Light Cavalry
Havoc AD
0:51 Loom
12:02 Feudal Age
13:23 Wheelbarrow
12:35 Town Watch
25:38 Castle Age
26:27 Fletching
26:49 Forging
26:46 Scale Barding Armor
27:58 Bloodlines
29:03 Husbandry
34:41 Double-Bit Axe
36:18 Hand Cart
37:22 Iron Casting
37:08 Chain Barding Armor
41:53 Imperial Age
40:20 Town Patrol
40:34 Caravan
43:08 Elite Steppe Lancer
46:04 Conscription
45:44 Nomads
46:14 Murder Holes
nlyon02
0:30 Loom
11:58 Feudal Age
12:35 Horse Collar
33:25 Double-Bit Axe
38:41 Castle Age
39:55 Heavy Plow
AlexShukov13
0:27 Loom
13:33 Feudal Age
15:03 Double-Bit Axe
15:02 Horse Collar
17:43 Castle Age
16:45 Wheelbarrow
25:58 Hand Cart
25:28 Town Watch
30:20 Imperial Age
28:31 Bow Saw
28:22 Heavy Plow
28:15 Gold Mining
28:20 Stone Mining
30:42 Forging
30:33 Scale Mail Armor
30:24 Fletching
32:13 Chemistry
32:34 Elite Skirmisher
32:43 Pikeman
33:24 Squires
33:10 Arson
34:28 Stone Shaft Mining
34:02 Gambesons
34:16 Bodkin Arrow
34:22 Padded Archer Armor
35:02 Ballistics
35:53 Leather Archer Armor
35:54 Chain Mail Armor
37:20 Iron Casting
36:11 Cavalier
37:01 Bloodlines
37:49 Ring Archer Armor
38:31 Paladin
41:13 Conscription
42:03 Blast Furnace
41:09 Scale Barding Armor
42:35 Two-Man Saw
43:00 Crop Rotation
42:07 Halberdier
44:56 Chain Barding Armor
maltheh9797
1:21 Loom
10:41 Feudal Age
15:01 Castle Age
12:57 Double-Bit Axe
13:23 Horse Collar
16:40 Bow Saw
22:53 Scale Barding Armor
25:38 Bloodlines
26:26 Husbandry
26:35 Town Watch
27:30 Wheelbarrow
27:33 Forging
30:51 Hand Cart
33:46 Imperial Age
31:54 Chain Barding Armor
32:36 Iron Casting
33:54 Elite Steppe Lancer
35:43 Blast Furnace
35:10 Capped Ram
37:46 Conscription
36:59 Siege Ram
38:40 Drill
41:05 Onager
ladek23
0:28 Loom
10:07 Feudal Age
18:42 Castle Age
19:07 Horse Collar
19:17 Double-Bit Axe
20:27 Bow Saw
21:39 Heavy Plow
23:00 Fletching
23:51 Gold Mining
24:00 Stone Mining
25:45 Bodkin Arrow
26:58 Caravan
32:52 Imperial Age
30:12 Town Watch
31:08 Bloodlines
32:17 Scale Barding Armor
32:25 Forging
32:16 Scale Mail Armor
33:35 Wheelbarrow
33:50 Chain Barding Armor
33:32 Padded Archer Armor
34:15 Double Crossbow
35:05 Ballistics
34:58 Masonry
35:38 Conscription
36:09 Hand Cart
36:45 Bracer
36:38 Pikeman
38:44 Architecture
40:07 Hoardings
40:06 Leather Archer Armor
40:29 Husbandry
40:00 Cavalier
42:02 Iron Casting
42:07 Elite Ballista Elephant
43:49 Crop Rotation
45:24 Blast Furnace
45:28 Plate Barding Armor
46:54 Halberdier
卢本伟
1:54 Loom
10:58 Feudal Age
11:07 Man-at-Arms
13:21 Forging
12:58 Arson
23:09 Castle Age
21:41 Gold Mining
21:32 Horse Collar
24:48 Double-Bit Axe
25:09 Heavy Plow
26:54 Gold Shaft Mining
26:59 Wheelbarrow
30:43 Hand Cart
34:10 Imperial Age
32:28 Bow Saw
34:28 Stone Mining
35:11 Crop Rotation
36:45 Two-Man Saw
36:24 Stone Shaft Mining
37:36 Iron Casting
37:06 Scale Barding Armor
37:16 Scale Barding Armor
37:14 Husbandry
37:24 Bloodlines
37:28 Cavalier
38:30 Chain Barding Armor
40:19 Blast Furnace
40:01 Plate Barding Armor
39:36 Savar
42:27 Conscription
42:26 Fletching
42:39 Kamandaran
42:41 Padded Archer Armor
43:10 Padded Archer Armor
43:11 Bodkin Arrow
44:03 Ballistics
44:43 Chemistry
45:14 Thumb Ring
44:29 Elite Skirmisher
44:32 Crossbowman
46:37 Leather Archer Armor
46:21 Murder Holes
46:37 Masonry
46:40 Citadels
47:09 Hoardings
Jackou75
6:53 Loom
11:13 Feudal Age
11:50 Double-Bit Axe
16:40 Stone Mining
20:20 Castle Age
19:15 Gold Mining
22:17 Fletching
22:14 Horse Collar
26:59 Bodkin Arrow
27:42 Bow Saw
34:08 Imperial Age
31:27 Pikeman
32:24 Padded Archer Armor
33:45 Squires
34:50 Caravan
35:11 Bracer
35:55 Elite Longbowman
37:04 Leather Archer Armor
38:51 Two-Man Saw
39:20 Onager
40:00 Halberdier
41:40 Conscription
41:54 Yeomen
44:22 Town Watch
45:13 Wheelbarrow
45:25 Hoardings
44:58 Warwolf
Connection lost

Rejoining the realm…

Still unreachable

The connection could not be restored.

Session expired

The server has moved on; the page needs a fresh start.